 Dungeon Crawl Stone Soup version 0.29-a0-1027-gcd8c55af63 (webtiles) character file.

Game seed: 2450374651641676987

22 siradein the Shield-Bearer (level 2, -3/18 HPs)
             Began as a Deep Elf Fighter on Aug 13, 2022.
             Slain by Terence
             ... wielding a +0 flail
              (5 damage)
             ... on level 2 of the Dungeon.
             The game lasted 00:03:10 (1487 turns).

siradein the Shield-Bearer (Deep Elf Fighter)       Turns: 1487, Time: 00:03:11

Health: -3/18      AC:  6    Str: 13    XL:     2   Next: 68%
Magic:  4/4        EV:  8    Int: 12    God:
Gold:   52         SH:  4    Dex: 14    Spells: 1/1 levels left

rFire   . . .      SeeInvis +   a - +0 long sword
rCold   . . .      Faith    .   c - +0 buckler
rNeg    . . .      Spirit   .   b - +0 scale mail
rPois   .          Reflect  .   (no helmet)
rElec   .          Harm     .   (no cloak)
rCorr   .          Rampage  .   (no gloves)
Will    .....                   (no boots)
Stlth   ..........              (no amulet)
HPRegen 0.06/turn               e - ring of see invisible
MPRegen 0.09/turn               (no ring)

@: no status effects
A: no striking features
a: no special abilities


You were on level 2 of the Dungeon.
You visited 1 branch of the dungeon, and saw 2 of its levels.

You collected 52 gold pieces.

Inventory:

Hand Weapons
 a - a +0 long sword (weapon)
Armour
 b - a +0 scale mail (worn)
 c - a +0 buckler (worn)
Jewellery
 e - a ring of see invisible (left hand)
Scrolls
 j - 3 scrolls of identify {unknown}
Potions
 d - 2 potions of might
 f - a potion of haste {unknown}
 g - a potion of ambrosia {unknown}
 h - a potion of degeneration {unknown}
 i - a potion of magic {unknown}


   Skills:
 + Level 2.7 Fighting
 + Level 2.2 Long Blades
 - Level 2.4 Armour
 + Level 2.7 Shields


You had one spell level left.
You didn't know any spells.
Your spell library contained the following spells:

 Spells                   Type           Power      Damage    Failure   Level
 Tukima's Dance           Hex            0%         N/A       99%         3
 Passage of Golubria      Tloc           0%         N/A       100%        4
 Yara's Violent Unravell  Hex/Tmut       0%         3d3       100%        5


Dungeon Overview and Level Annotations

Branches:
Dungeon (2/15)

Altars:
Cheibriados

Annotations:
D:2 Terence


Message History

You closely miss Terence.
Terence is moderately wounded.
Terence asks, "Do you want it fast or slow?"
Terence hits you with a +0 flail. x2
* * * LOW HITPOINT WARNING * * *
You are too injured to fight recklessly!
You hit Terence but do no damage.
Terence is moderately wounded.
Terence hits you with a +0 flail.
* * * LOW HITPOINT WARNING * * *
You hit Terence.
Terence is moderately wounded.
Terence hits you with a +0 flail.
* * * LOW HITPOINT WARNING * * *
You closely miss Terence.
Terence is moderately wounded.
Terence hits you with a +0 flail.
* * * LOW HITPOINT WARNING * * *
You block Terence's attack.
You barely miss Terence.
Terence is moderately wounded.
Terence closely misses you.
You barely miss Terence.
Terence is moderately wounded.
Terence barely misses you.
You barely miss Terence.
Terence is moderately wounded.
Terence closely misses you. Terence hits you but does no damage.
Unknown command.
Unknown command.
You hit Terence.
Terence is heavily wounded.
You block Terence's attack.
You barely miss Terence.
Terence is heavily wounded.
You block Terence's attack.
You hit Terence.
Terence is heavily wounded.
Terence hits you with a +0 flail.
You die...

##..........#.#
#..._..#...#.#
#..........รท.#
#......#+#..<#
##..........).
#............ .
#............
....########.##.........
.....B@@...#.#######+#..
.....+++'+.#<........#..
... +''+.#.##########+ #
+_'+.#.# ++''.#.#######
#.+++''.#.......#
#.......#.......#
#.#+#.#.#.......#
#.#.#.#.#..####


You could see Terence and a giant cockroach.

Vanquished Creatures
  A worm (D:2)
  2 endoplasms (D:1)
  3 goblins
  A hobgoblin (D:1)
  2 jackals (D:2)
  A quokka (D:1)
  2 ball pythons (D:1)
  2 bats (D:1)
  A frilled lizard (D:1)
  A kobold (D:1)
  2 rats (D:1)
18 creatures vanquished.

Notes
Turn   | Place    | Note
-------+----------+-------------------------------------------
     0 | D:1      | siradein the Deep Elf Fighter began the quest for the Orb.
     0 | D:1      | Reached XP level 1. HP: 13/13 MP: 3/3
   587 | D:1      | Reached XP level 2. HP: 16/18 MP: 4/4
  1265 | D:2      | Found a snail-covered altar of Cheibriados.
  1459 | D:2      | Found a faded altar of an unknown god.
  1468 | D:2      | Noticed Terence
  1487 | D:2      | Slain by Terence

Illustrated notes

Levels and vault maps discovered:
D:1:      dpeg_arrival_long_road, layout_basic, st_stairs_13
D:2:      layout_basic, basic_altar, hellmonk_ecumenical_altar_heavens_door,
          uniq_terence

Skill      XL: |  1 |
---------------+----+-----
Long Blades    | 2 |  2.2
Fighting       | |  2.7
Armour         | |  2.4
Shields        | |  2.7

Action                   || total
-------------------------++-------
Melee: Long sword        ||    72
Armor: Scale mail        ||    33
Dodge: Dodged            ||    22
Block: Buckler           ||    18

Table legend: (Time is in decaauts)
 A = Elapsed time spent in this place.
 B = Non-inter-level travel time spent in this place.
 C = Inter-level travel time spent in this place.
 D = Time resting spent in this place.
 E = Time spent auto-exploring this place.
 F = Levels seen in this place.
 G = Mean time per level.
                   A        B        C        D        E       F      G
               +--------+--------+--------+--------+--------+-----+--------+
         Total |   1511 |   1467 |     44 |      0 |   1295 |   2 |  755.5 |
       Dungeon |   1511 |   1467 |     44 |      0 |   1295 |   2 |  755.5 |
               +--------+--------+--------+--------+--------+-----+--------+

Top non-repeatable levels by time:
     D:1: 1254 daAuts
     D:2: 257 daAuts
